Map: Writhing Morass

Players

bertman

  • Race: Terran Terran
  • Spawn Location: 7:00

DarkTemplar - Winner!

  • Race: Protoss Protoss
  • League: Silver
  • Spawn Location: 0:00

BlueHawk - Winner!

  • Race: Terran Terran
  • Spawn Location: 11:00

fortes - Winner!

  • Race: Zerg Zerg
  • Spawn Location: 0:00

irvinz

  • Race: Zerg Zerg
  • Spawn Location: 6:00

VOD

Have the link to the VOD?

Description

8/17/2018

Time

  • Played on: Aug. 17, 2018, 2:57 p.m.
  • Length: 15:47
Show
View Real Time Build Order
Export as new Build Order

bertman Terran 

Build Orders:  

Get SALT Encoding   

  12  0:03  SCV  
  13  0:15  SCV  
  14  0:35  Supply Depot  
  14  0:37  SCV  
  15  0:57  SCV  
  16  1:05  Supply Depot  
  17  1:32  SCV  
  17  1:41  Refinery  
  17  1:50  Barracks  
  17  1:55  Command Center  
  17  2:11  SCV  
  18  2:22  Barracks  
  18  2:23  SCV  
  19  2:35  SCV  
  20  2:47  SCV  
  21  2:52  Marine  
  22  2:59  SCV, Bunker  
  22  3:05  Supply Depot  
  23  3:09  Marine  
  23  3:27  Marine  
  23  3:32  Marine  
  25  3:44  Factory  
  25  3:45  Marine  
  26  3:49  Marine  
  27  4:02  SCV  
  28  4:03  Marine  
  28  4:07  Marine  
  30  4:12  Barracks  
  30  4:14  SCV  
  31  4:21  Marine  
  32  4:25  Marine  
  32  4:26  SCV  
  34  4:38  Barracks, SCV, Marine  
  35  4:43  Marine  
  35  4:45  Factory Tech Lab  
  37  4:50  SCV  
  38  4:57  Refinery  
  38  5:01  Barracks  
  38  5:02  SCV, Orbital Command  
  39  5:14  SCV  
  40  5:26  SCV  
  41  5:33  Marine  
  42  5:44  SCV, Refinery  
  43  5:51  Marine  
  43  5:53  Refinery  
  43  5:56  SCV  
  45  6:08  SCV, Marine x2  
  45  6:09  Marine x3  
  51  6:11  Starport  
  51  6:14  Siege Tank  
  54  6:29  Supply Depot  
  54  6:51  Marine x5, SCV  
  60  7:01  Factory  
  60  7:03  SCV  
  61  7:09  Marine  
  61  7:15  Supply Depot  
  62  7:16  Supply Depot  
  62  7:36  Marine x2, Medivac, SCV  
  67  7:47  Factory Tech Lab  
  67  7:48  SCV  
  68  7:54  Marine  
  68  7:57  Bunker  
  69  8:00  Supply Depot, SCV  
  70  8:06  Medivac  
  70  8:12  Marine  
  73  8:13  SCV  
  74  8:25  SCV  
  75  8:38  Engineering Bay  
  75  8:54  Starport Tech Lab  
  75  9:04  Starport Tech Lab  
  75  9:13  Terran Infantry Weapons Level 1  
  75  9:18  Starport, Siege Tank  
  78  9:32  Marine x4  
  71  9:50  Marine x4  
  60  10:07  Marine  
  60  10:08  Marine x3  
  60  10:19  Hellion  
  55  10:25  Marine x3  
  55  10:26  Marine  
  56  10:40  Hellion, Starport Tech Lab  
  58  10:43  Marine x3  
  58  10:44  Marine  
  62  11:02  Command Center  
  48  11:12  Marine  
  47  11:42  Marine x2, Hellion  
  47  11:43  Marine x2  
  47  12:00  Marine x2  
  45  12:01  Marine x2  
  43  12:19  Marine  
  43  12:20  Marine x2  
  43  12:22  Marine  
  38  12:26  Supply Depot  
  38  12:28  Supply Depot  
  38  12:29  Supply Depot  
  34  12:31  Supply Depot  
  30  12:37  Marine  
  30  12:38  Marine x2  
  30  12:40  Marine  
  34  12:45  Starport Tech Lab  
  34  12:50  Starport Tech Lab  
  34  12:55  Marine  
  34  12:56  Marine  
  34  12:58  Marine  
  29  13:27  Banshee  
  29  13:30  Banshee  
  34  13:39  Marine x3  
  34  13:40  Marine  
  36  13:57  Marine x3  
  36  13:58  Marine  
  40  14:10  Banshee  
  40  14:13  Banshee  
  40  14:15  Marine x4  
  48  14:33  Marine x4  
  46  14:50  Marine  
  37  14:53  Banshee  
  37  14:55  Banshee  
  37  14:56  Command Center  
  43  15:04  Marine  
  42  15:08  Marine  
Show
View Real Time Build Order
Export as new Build Order

DarkTemplar Protoss - Winner!

Build Orders: Double Forge 

Get SALT Encoding   

  12  0:01  Probe  
  13  0:13  Probe  
  14  0:22  Pylon  
  14  0:27  Probe  
  15  0:40  Probe  
  15  0:42  Gateway  
  16  0:48  Assimilator  
  16  0:52  Probe  
  17  1:01  Assimilator  
  17  1:04  Probe  
  18  1:16  Probe  
  19  1:20  Pylon  
  19  1:28  Probe  
  19  1:31  Cybernetics Core  
  20  1:37  Forge, Zealot  
  22  1:43  Probe  
  23  1:55  Probe  
  24  2:09  Pylon  
  24  2:18  Photon Cannon  
  24  2:22  Twilight Council  
  24  2:27  Pylon  
  24  2:31  Probe  
  24  2:32  Protoss Ground Weapons Level 1  
  24  2:36  Zealot  
  27  2:44  Probe  
  29  2:58  Probe  
  29  2:59  Robotics Facility  
  29  3:10  Probe  
  30  3:22  Probe  
  31  3:30  Warp Gate  
  31  3:38  Nexus  
  31  3:40  Probe  
  32  3:41  Pylon  
  32  3:51  Observer  
  33  4:00  Probe  
  34  4:12  Probe  
  34  4:13  Pylon  
  35  4:17  Pylon  
  35  4:21  Pylon  
  35  4:24  Probe  
  35  4:28  Immortal  
  40  4:38  Probe  
  41  4:42  Protoss Ground Armor Level 1  
  41  4:50  Probe  
  42  4:54  Forge, Probe  
  42  4:58  Charge  
  43  5:08  Observer  
  44  5:20  Photon Cannon  
  44  5:22  Photon Cannon, Probe  
  44  5:23  Probe  
  46  5:30  Protoss Ground Weapons Level 2  
  46  5:32  Warp Prism  
  48  5:56  Robotics Bay  
  48  6:03  Probe  
  49  6:04  Probe  
  49  6:11  Immortal  
  50  6:18  Pylon  
  50  6:21  Pylon  
  50  6:24  Assimilator  
  54  6:29  Assimilator  
  54  6:33  Gateway  
  54  6:36  Gateway  
  54  6:38  Photon Cannon  
  54  6:40  Colossus  
  54  6:43  Zealot  
  56  6:50  Extended Thermal Lance  
  62  6:55  Probe x2  
  64  7:08  Probe  
  64  7:09  Probe  
  66  7:16  Pylon  
  66  7:20  Gateway  
  66  7:22  Probe x2, Robotics Facility  
  68  7:25  Pylon  
  68  7:26  Protoss Shields Level 1, Protoss Ground Armor Level 2  
  68  7:28  Zealot  
  70  7:42  Blink  
  68  8:25  Stargate  
  68  8:27  Stargate  
  68  8:30  Stalker, Stargate  
  68  8:31  Stalker  
  72  8:38  Nexus  
  72  8:41  Pylon  
  72  8:48  Pylon  
  72  8:50  Assimilator  
  72  8:55  Assimilator  
  72  9:14  Protoss Ground Weapons Level 3  
  72  9:19  Colossus  
  72  9:29  Colossus  
  84  9:41  Protoss Ground Armor Level 3  
  84  9:55  Photon Cannon  
  84  9:56  Photon Cannon  
  84  9:58  Phoenix  
  84  9:59  Photon Cannon  
  86  10:00  Pylon  
  85  10:12  Probe  
  84  10:23  Stalker x2  
  64  10:38  Photon Cannon  
  64  10:39  Stalker x2  
  64  10:40  Photon Cannon  
  68  10:43  Photon Cannon  
  68  10:45  Photon Cannon  
  68  10:47  Photon Cannon, Probe x3  
  71  10:50  Photon Cannon  
  71  10:54  Phoenix  
  71  10:57  Colossus  
  71  10:59  Probe x2  
  71  11:03  Phoenix  
  77  11:38  Colossus  
  83  11:40  Phoenix x3  
  89  12:04  Colossus  
  95  12:44  Phoenix x2  
  95  12:48  Colossus  
  101  12:58  Colossus  
  110  13:17  Phoenix x2  
  110  13:18  Phoenix  
  110  13:21  Protoss Air Weapons Level 1  
  116  13:39  Cybernetics Core  
  116  13:40  Phoenix x2  
  120  13:54  Gateway  
  120  13:58  Gateway  
  120  13:59  Gateway  
  120  14:18  Phoenix x3  
  120  14:21  Nexus  
  120  14:24  Pylon  
  126  14:25  Pylon  
  126  14:28  Assimilator  
  126  14:29  Assimilator  
  114  14:43  Phoenix  
  102  14:59  Phoenix x2  
  76  15:08  Phoenix  
Show
View Real Time Build Order
Export as new Build Order

BlueHawk Terran - Winner!

Build Orders:  

Get SALT Encoding   

  12  0:13  Supply Depot  
  12  0:16  SCV  
  13  0:29  SCV  
  14  0:40  Barracks  
  14  0:42  SCV  
  15  0:44  Refinery  
  15  0:55  SCV  
  16  1:09  SCV  
  17  1:23  SCV  
  18  1:29  Supply Depot  
  18  1:30  Reaper  
  19  1:36  SCV  
  20  1:51  SCV  
  21  2:10  Reaper  
  22  2:16  SCV  
  23  2:32  Command Center  
  23  2:33  Orbital Command  
  23  2:39  Refinery  
  23  2:41  Factory  
  23  2:43  Marine  
  24  3:07  SCV  
  24  3:10  Marine  
  26  3:22  SCV  
  27  3:33  Starport  
  27  3:37  Barracks, Factory Tech Lab  
  27  3:39  SCV  
  28  3:42  Barracks  
  28  3:56  SCV  
  28  4:13  SCV  
  28  4:14  SCV  
  30  4:29  SCV x2  
  30  4:30  Marine  
  32  4:48  Marine, Siege Tank  
  32  4:51  Barracks Tech Lab  
  37  4:53  Barracks Reactor  
  37  4:59  Starport Reactor  
  36  5:05  SCV x2, Engineering Bay  
  36  5:06  Engineering Bay  
  38  5:10  Supply Depot  
  38  5:11  Supply Depot  
  38  5:13  Supply Depot  
  38  5:14  Supply Depot  
  38  5:19  SCV  
  39  5:28  Orbital Command  
  39  5:32  SCV  
  40  5:39  Marine x4  
  40  5:41  Combat Shields  
  44  5:46  Terran Infantry Armor Level 1, Terran Infantry Weapons Level 1  
  44  5:49  Siege Tank  
  47  5:57  Marine  
  48  6:07  Medivac  
  50  6:12  SCV  
  51  6:22  Orbital Command  
  51  6:23  Marine  
  51  6:24  Marine x3, SCV  
  56  6:28  Command Center  
  51  6:41  Marine x3  
  51  6:42  Marine  
  55  6:50  SCV  
  56  6:55  Siege Tank  
  56  6:59  Marine  
  56  7:01  Stimpack  
  60  7:06  Marine x3  
  60  7:07  Medivac x2  
  67  7:17  Marine  
  68  7:23  Marine x2  
  68  7:24  Marine  
  71  7:31  SCV  
  71  7:35  Marine  
  73  7:39  SCV  
  73  7:41  Marine  
  73  7:43  SCV  
  76  7:45  Medivac x2  
  76  7:50  Marine x2  
  82  7:52  Marine  
  83  8:04  Refinery  
  83  8:16  Refinery  
  83  8:18  SCV x2  
  83  8:19  SCV  
  86  8:21  Marine x4  
  90  8:32  SCV  
  90  8:33  SCV  
  92  8:38  Marine  
  92  8:40  Barracks  
  93  8:42  Barracks  
  93  8:55  Supply Depot x2  
  93  8:56  Supply Depot  
  93  8:58  Supply Depot x2  
  93  8:59  Supply Depot  
  93  9:01  Supply Depot  
  93  9:16  Marine x4  
  93  9:17  SCV x3, Siege Tank  
  101  9:19  Supply Depot, Medivac x2  
  101  9:20  Supply Depot  
  107  9:27  Armory  
  107  9:29  SCV  
  108  9:32  SCV x2  
  108  9:34  Marine x4  
  108  9:36  Marine x2  
  116  9:49  Siege Tank  
  116  9:52  Marine x4  
  123  9:59  SCV x3, Marine  
  126  10:00  Marine  
  126  10:03  Medivac x2  
  132  10:10  Marine x4  
  133  10:17  Marine x2  
  133  10:21  Siege Tank  
  118  10:27  Marine  
  112  10:46  Marauder, Marine x5  
  112  10:49  Medivac x2  
  123  10:53  Widow Mine  
  125  11:04  Marine x5  
  126  11:07  Marine, Missile Turret  
  126  11:08  Missile Turret  
  126  11:09  Missile Turret  
  126  11:10  Missile Turret  
  131  11:11  Refinery  
  131  11:12  SCV x2  
  127  11:19  Medivac  
  127  11:21  Marine  
  127  11:22  Marine x2  
  122  11:26  Marine x2  
  122  11:27  Marine  
  121  11:39  Siege Tank, Marine x3  
  112  11:40  Medivac  
  112  11:44  Marine x3  
  119  11:57  Marine x3, SCV  
  119  11:58  SCV x2  
  125  12:07  Marine x3, Refinery  
  128  12:09  SCV  
  128  12:11  Siege Tank  
  128  12:15  Marine x3  
  134  12:21  Medivac x2  
  139  12:25  Marine x3  
  142  12:33  Marine x3  
  144  12:50  Marine x4  
  144  12:51  Marine x2  
  150  12:52  Terran Infantry Weapons Level 2, Terran Infantry Armor Level 2  
  146  13:08  Marine x5  
  146  13:09  Viking, Marine  
  146  13:10  Viking  
  147  13:25  Marine  
  140  13:36  Marine x5  
  140  13:40  Starport  
  139  13:41  Starport  
  139  13:43  Marine  
  136  13:54  Marine x4  
  129  13:58  Marine  
  129  14:01  Marine  
  122  14:11  Marine  
  122  14:12  Marine x3  
  122  14:16  Marine  
  127  14:19  Marine  
  127  14:23  Viking x2  
  132  14:29  Marine  
  127  14:47  Marine x3  
  127  14:48  Marine x3  
  127  14:51  Siege Tank  
  136  14:53  Viking  
  138  15:05  Marine x3  
  138  15:06  Marine x3  
  133  15:23  Marine x4  
  133  15:24  Marine x2  
Show
View Real Time Build Order
Export as new Build Order

fortes Zerg - Winner!

Build Orders: Hatch First 

Get SALT Encoding   

  12  0:01  Drone  
  13  0:13  Overlord  
  13  0:17  Drone  
  14  0:32  Drone x2  
  17  0:42  Drone  
  17  1:00  Drone x2  
  19  1:11  Hatchery  
  18  1:16  Spawning Pool  
  18  1:17  Drone  
  18  1:23  Extractor  
  18  1:24  Drone  
  18  1:32  Drone  
  19  1:42  Drone  
  19  1:44  Evolution Chamber  
  19  1:50  Drone  
  21  2:01  Drone  
  21  2:16  Overlord  
  21  2:22  Queen  
  23  2:27  Drone x2  
  25  2:30  Hatchery  
  25  2:35  Drone x2  
  26  2:37  Metabolic Boost  
  26  2:57  Queen  
  28  3:01  Drone x3  
  28  3:02  Drone  
  32  3:06  Queen  
  32  3:08  Drone  
  35  3:16  Drone  
  36  3:21  Overlord  
  36  3:24  Overlord  
  36  3:39  Drone x3  
  36  3:40  Drone x3  
  42  3:45  Drone x2  
  44  3:55  Drone  
  45  3:58  Drone  
  45  3:59  Drone  
  47  4:09  Drone x2  
  49  4:14  Drone x4  
  53  4:17  Hatchery  
  53  4:20  Lair  
  52  4:28  Pneumatized Carapace  
  52  4:43  Extractor  
  52  4:44  Extractor  
  50  4:48  Extractor  
  50  4:49  Extractor  
  48  4:56  Zergling x6  
  48  4:57  Zergling x14  
  48  4:58  Overlord  
  48  4:59  Hatchery  
  57  5:08  Drone  
  58  5:25  Hydralisk Den  
  57  5:41  Drone x3  
  60  5:52  Drone x3  
  63  5:59  Drone x7  
  63  6:00  Drone x2  
  63  6:03  Zerg Melee Weapons Level 1  
  72  6:40  Drone  
  72  6:41  Hydralisk, Drone x2  
  72  6:43  Overlord x2  
  77  6:54  Extractor  
  76  7:02  Hydralisk x6  
  76  7:03  Hydralisk x2  
  92  7:11  Drone  
  92  7:12  Drone  
  94  7:16  Extractor  
  93  7:23  Drone  
  93  7:24  Overlord x5  
  94  7:30  Grooved Spines  
  94  7:43  Hydralisk  
  94  7:44  Hydralisk x3  
  102  7:57  Zerg Missile Weapons Level 1  
  102  8:03  Hydralisk x5  
  112  8:23  Hydralisk  
  112  8:24  Hydralisk x6  
  126  8:41  Muscular Augments  
  126  8:45  Hatchery  
  113  9:12  Hydralisk  
  113  9:13  Hydralisk x9  
  113  9:15  Zergling x2  
  113  9:16  Overlord x3  
  124  9:37  Drone  
  124  9:38  Drone x8  
  111  9:39  Drone x2, Zergling x4  
  115  9:48  Spire  
  115  9:51  Zerg Ground Armor Level 1  
  104  9:54  Hydralisk  
  104  9:55  Hydralisk x4  
  108  10:14  Hydralisk x4  
  108  10:15  Hydralisk x8  
  108  10:20  Hydralisk x3  
  138  10:38  Hydralisk  
  138  10:39  Hydralisk x8  
  156  10:46  Hatchery  
  152  11:12  Mutalisk  
  152  11:13  Mutalisk x9  
  128  11:26  Hydralisk x3  
  128  11:27  Hydralisk x2  
  124  11:44  Mutalisk  
  124  11:45  Mutalisk x2  
  124  11:51  Extractor  
  124  11:53  Extractor  
  122  12:02  Extractor  
  122  12:04  Extractor, Zergling x6  
  122  12:05  Zergling x30  
  136  12:38  Drone x13  
  149  12:55  Hydralisk  
  149  12:56  Hydralisk x9  
  169  12:59  Overlord  
  145  13:24  Hydralisk x6  
  145  13:25  Hydralisk x12  
  139  13:36  Zergling x2  
  139  13:37  Zergling x4  
  140  13:46  Hydralisk x5  
  140  13:47  Hydralisk  
  132  14:17  Mutalisk x5  
  132  14:18  Mutalisk x8  
  156  14:27  Hatchery  
  153  14:32  Hatchery  
  143  14:41  Drone x3  
  143  14:42  Drone x2  
  142  14:51  Hydralisk x4  
  142  14:52  Hydralisk x4  
  134  15:10  Drone x8  
  134  15:11  Drone x6  
  134  15:12  Drone x4  
  150  15:24  Zergling x2  
  150  15:25  Zergling x14  
Show
View Real Time Build Order
Export as new Build Order

irvinz Zerg 

Build Orders: 3 Hatch before Pool 

Get SALT Encoding   

  12  0:01  Drone  
  13  0:08  Drone  
  14  0:38  Drone, Hatchery  
  14  0:45  Overlord  
  14  1:05  Drone x3  
  17  1:30  Hatchery  
  16  1:36  Spawning Pool  
  16  1:38  Drone  
  16  1:46  Drone x2  
  18  1:52  Drone x2  
  20  2:07  Drone x2  
  22  2:11  Drone  
  22  2:12  Drone  
  24  2:24  Drone, Overlord  
  24  2:25  Queen  
  27  2:35  Drone  
  28  2:42  Queen  
  30  2:46  Overlord  
  30  2:47  Drone  
  30  2:48  Drone x2  
  33  2:53  Zergling x2  
  33  2:55  Drone  
  33  2:56  Extractor  
  33  2:57  Drone  
  35  3:07  Zergling x6  
  35  3:12  Spine Crawler  
  37  3:16  Drone  
  37  3:17  Drone x2  
  40  3:24  Queen  
  40  3:25  Overlord  
  42  3:27  Drone x2  
  44  3:36  Drone x4  
  44  3:41  Drone x2  
  50  3:46  Drone  
  50  3:55  Drone x2  
  52  3:59  Drone x2  
  53  4:04  Drone  
  53  4:07  Drone  
  53  4:08  Drone  
  53  4:09  Extractor, Drone x2  
  57  4:11  Extractor  
  57  4:13  Metabolic Boost, Zergling x4  
  57  4:16  Overlord x2  
  57  4:28  Hatchery  
  57  4:29  Overlord x2  
  57  4:30  Drone  
  57  4:31  Roach Warren  
  57  4:33  Spine Crawler  
  54  4:38  Drone  
  54  4:39  Drone x3  
  54  4:42  Drone  
  54  4:43  Drone x3  
  62  4:46  Drone  
  62  4:47  Drone  
  62  4:49  Drone x3  
  62  4:51  Lair  
  68  4:52  Drone  
  68  4:53  Drone x2  
  68  4:56  Zergling x2  
  68  4:57  Queen  
  68  4:58  Queen  
  75  5:02  Extractor  
  75  5:05  Drone x3  
  75  5:06  Extractor  
  76  5:11  Zergling x2  
  76  5:12  Roach x2  
  81  5:19  Zergling x4  
  81  5:20  Drone, Zergling x2  
  86  5:21  Drone x2  
  86  5:25  Zergling x4  
  89  5:29  Hatchery  
  87  5:39  Roach  
  87  5:40  Zergling x2  
  90  5:44  Overlord x2  
  90  5:50  Extractor  
  90  5:56  Drone x2  
  91  5:58  Queen  
  95  6:04  Roach x2  
  95  6:05  Roach x2  
  95  6:06  Drone x2  
  95  6:10  Drone x2  
  95  6:11  Overseer, Drone  
  106  6:15  Drone  
  106  6:16  Drone x2  
  106  6:18  Overlord  
  109  6:19  Spire  
  109  6:22  Roach  
  109  6:23  Overlord x2  
  110  6:33  Glial Reconstitution  
  108  6:40  Roach  
  108  6:41  Roach x2  
  108  6:44  Roach  
  108  6:45  Roach x3  
  124  6:47  Roach x2  
  124  6:50  Queen  
  128  7:00  Drone x2  
  130  7:02  Extractor  
  130  7:05  Extractor  
  130  7:06  Overlord x3  
  130  7:08  Zergling x10  
  133  7:09  Zergling x2  
  133  7:12  Roach  
  136  7:16  Roach x2  
  136  7:22  Drone x2  
  142  7:25  Roach  
  144  7:31  Zerg Flyer Weapons Level 1, Mutalisk  
  144  7:32  Mutalisk x8  
  144  7:34  Overlord x2, Zergling x6  
  144  7:36  Infestation Pit  
  164  7:37  Pneumatized Carapace  
  164  7:45  Zergling x4  
  166  7:53  Spine Crawler x2  
  166  7:56  Spore Crawler  
  163  8:06  Mutalisk  
  163  8:07  Roach  
  163  8:08  Roach x2  
  171  8:14  Mutalisk  
  171  8:15  Mutalisk x4  
  182  8:27  Zergling x2  
  182  8:29  Overlord x3  
  182  8:30  Evolution Chamber  
  182  8:31  Evolution Chamber  
  180  8:38  Mutalisk  
  177  8:50  Mutalisk  
  174  8:58  Roach x5  
  174  8:59  Roach x5  
  194  9:05  Mutalisk  
  194  9:07  Mutalisk  
  198  9:13  Hive  
  198  9:26  Hydralisk Den  
  193  9:32  Roach x3  
  199  9:44  Zerg Melee Weapons Level 1  
  199  9:45  Zerg Ground Armor Level 1  
  191  9:57  Hydralisk x2  
  191  9:58  Roach x2  
  163  10:22  Hydralisk x3  
  163  10:23  Hydralisk, Roach x4  
  163  10:24  Roach x3  
  177  10:29  Greater Spire  
  177  10:34  Spire  
  177  10:35  Hydralisk x2, Drone x2  
  175  10:36  Hydralisk x2, Roach  
  175  10:37  Hydralisk, Roach  
  175  10:38  Hydralisk, Roach  
  175  10:39  Roach  
  192  10:45  Grooved Spines  
  192  10:54  Mutalisk x2  
  192  10:55  Mutalisk  
  192  10:56  Zergling x4  
  200  11:15  Hydralisk x3, Roach  
  200  11:16  Roach x3  
  196  11:21  Hydralisk  
  196  11:22  Hydralisk, Roach x2  
  196  11:23  Roach  
  196  11:24  Hydralisk x2  
  196  11:25  Roach x2  
  200  11:26  Hydralisk  
  200  11:27  Roach  
  200  11:30  Drone x2  
  200  11:31  Drone  
  190  11:33  Overlord  
  190  11:34  Spine Crawler x3, Overlord  
  190  11:36  Hydralisk x3  
  190  11:37  Hydralisk x4, Roach x5  
  190  11:38  Roach x2  
  147  11:47  Zerg Melee Weapons Level 2  
  147  11:48  Zerg Ground Armor Level 2  
  147  11:51  Zergling x2  
  147  11:53  Corruptor x3  
  154  11:55  Corruptor  
  156  12:08  Corruptor x3  
  156  12:13  Zergling x4  
  156  12:15  Zergling x4  
  166  12:28  Brood Lord  
  166  12:29  Brood Lord x2  
  171  12:56  Corruptor x2  
  171  12:57  Corruptor  
  177  13:01  Brood Lord x2  
  177  13:04  Corruptor  
  161  13:28  Hydralisk x3, Roach  
  161  13:29  Hydralisk x3, Roach x3  
  161  13:30  Hydralisk x2  
  161  13:31  Roach, Zergling x6  
  180  13:56  Corruptor x2  
  180  13:57  Zergling x4  
  186  14:10  Brood Lord x2  
  190  14:18  Spine Crawler x2  
  149  14:39  Hydralisk x3, Roach x2  
  149  14:40  Roach  
  151  14:50  Brood Lord  
  153  14:58  Zergling x10  
  130  15:02  Roach  
Tags
 
Add a new tag
Caveats
  • Supply blocks, unpowered buildings, or Contaminate may cause inaccurate times.
  • Supply counts are checked every 10 seconds.